[Event "CIS Master Groups 2024"]
[Site "Vasto"]
[Date "2024.04.11"]
[Round "5.20"]
[White "D'Amore, Carlo"]
[Black "Di Benedetto, Edoardo"]
[Result "0-1"]
[ECO "A14"]
[WhiteElo "2376"]
[BlackElo "2400"]
[Annotator "TA"]
[PlyCount "170"]
[EventDate "2024.04.07"]
[EventType "team-tourn"]
[EventCountry "ITA"]
[SourceTitle "playchess.com"]
[Source "ChessBase"]
[SourceQuality "1"]
[TimeControl "40/5400+30:900+30"]

1. Nf3 d5 2. c4 e6 3. e3 Nf6 4. b3 Be7 5. Bb2 O-O 6. Nc3 b6 7. g3 Bb7 8. Bg2 dxc4 9. bxc4 c5 10. O-O Nc6 11. Qe2 Rc8 12. Rac1 Nb4 13. Ne1 {[%emt 0:04:30] Against Qd3} Bxg2 14. Kxg2 {[%emt 0:00:06] The position is equal.} Qd7 15. a3 Nc6 16. Nf3 Rfd8 17. Rfd1 Qb7 18. Kg1 Rd7 19. d3 Rcd8 20. Ne1 Ne8 21. f4 a6 22. Nf3 b5 23. cxb5 (23. Ne4 $11) 23... axb5 $15 24. Ne4 {[%emt 0:01:06] [#]} c4 25. dxc4 {[%emt 0:03:26] Black must now prevent Rxd7.} Rxd1+ 26. Rxd1 Rxd1+ 27. Qxd1 bxc4 (27... Na5 $15 {should be considered.} 28. Ned2 Nxc4 (28... bxc4 29. Bc3 $14) 29. Nxc4 bxc4) 28. Qc2 $11 Na5 29. Neg5 g6 30. Bc3 Nc6 31. a4 Nd6 32. Ne4 Qb6 33. Nxd6 Qxe3+ 34. Kg2 Bxd6 35. Qd2 Qc5 36. a5 Qd5 37. Qa2 (37. a6 $11 {keeps the balance.}) 37... e5 {[%emt 0:01:43] Black is more active.} ({Better is} 37... g5 $17 {Hoping for ...g4.} 38. Qd2 (38. fxg5 Be5 $17) 38... gxf4) 38. fxe5 $2 (38. Qd2 $11 Nd4 39. Bxd4) 38... Bxe5 $19 (38... Nxe5 39. Qe2 Nxf3 40. Qxf3 $14) 39. Qd2 Qxd2+ 40. Bxd2 {[%emt 0:00:11][%mdl 4096] Endgame. KBN-KBN} Bc7 (40... Bb2 $1 $19 {aiming for ...c3.} 41. Ne1 (41. a6 $2 c3 $19) 41... c3) 41. a6 $15 Bb6 {[%emt 0:15:21] Inhibits Nd4.} 42. Kf1 Nb8 43. Ne5 Nxa6 44. Nxc4 Bd4 45. Kg2 f6 46. Kf3 Kf7 47. Be3 Bxe3 48. Nxe3 {[%emt 0:00:00] KN-KN} Ke6 49. h4 Nc5 50. g4 Ke5 51. Nc4+ Kd4 52. Nd6 Kd5 53. Nb5 Ne6 {[%emt 0:00:00] Strongly threatening ...Nd4+.} 54. Nc3+ Ke5 55. Nd1 Nd4+ 56. Kg3 h5 (56... f5 $17 {...h5 is the strong threat.} 57. gxf5 gxf5 (57... Nxf5+ 58. Kg4 $11)) 57. Nf2 Ne6 58. Kf3 $1 Nc5 {[%emt 0:00:00] Prevents Nd3+.} 59. Ke3 $2 {[%emt 0:00:00][%mdl 8192] White does not recover from this.} ({Much worse is} 59. gxh5 gxh5 60. Nd1 Ne6 $17) (59. Nd1 $15) 59... f5 $1 $19 60. gxh5 gxh5 61. Kf3 {[%emt 0:00:00] [#]} f4 $1 62. Nh3 Ne6 {[%emt 0:00:00] ( -> ...Nd4+)} 63. Ng5 Nd4+ 64. Kg2 Kf5 (64... Nc6 $142 65. Nh7 Nd4) 65. Kh3 Ne6 (65... Nc6 $142 66. Nh7 Nd4) 66. Nf3 Ke4 {[%emt 0:00:00] Black mates.} 67. Kg2 Ke3 68. Ne5 Nd4 69. Kf1 Nf5 70. Nc4+ Kf3 71. Nd2+ Kg4 72. Kf2 Nxh4 73. Nc4 Ng6 74. Kg2 h4 75. Kf2 h3 76. Nd2 Kf5 77. Kg1 {[%emt 0:00:14] [#]} Ne5 $1 78. Kh2 Kg4 79. Ne4 Nf3+ 80. Kh1 Ng5 81. Nd2 Kg3 82. Nf1+ Kf2 83. Nh2 Ke2 84. Ng4 f3 85. Kg1 Ke1 {[%emt 0:00:27] Weighted Error Value: White=0.34/Black=0.10 (very precise) .  Loses game:     	White=2     	---        Mistake:       	White=2     	Black=4      Inaccurate:     	White=3     	Black=1      OK:         	White=18    	Black=23     Best:        	White=4     	Black=1      Strong:       	White=1     	Black=1} 0-1

[Event "CIS Master Groups 2024"]
[Site "Vasto"]
[Date "2024.04.11"]
[Round "5.22"]
[White "Sonis, Francesco"]
[Black "Iermito, Sebastian"]
[Result "1-0"]
[ECO "A13"]
[WhiteElo "2562"]
[BlackElo "2511"]
[Annotator "TA"]
[PlyCount "61"]
[EventDate "2024.04.07"]
[EventType "team-tourn"]
[EventCountry "ITA"]
[SourceTitle "playchess.com"]
[Source "ChessBase"]
[SourceQuality "1"]
[TimeControl "40/5400+30:900+30"]

1. c4 e6 2. Nc3 Bb4 3. Nf3 Ne7 4. Qb3 c5 5. a3 Ba5 6. Qb5 Bxc3 7. bxc3 b6 8. g3 {[%emt 0:00:19] Black is slightly better.} Bb7 9. Bg2 O-O 10. O-O Nbc6 11. Qb1 h6 12. d3 d6 13. e4 Qd7 14. Qc2 f5 15. exf5 Nxf5 16. Qe2 e5 17. Nd2 Rae8 18. Ne4 Kh8 19. f4 (19. Qh5 $5 Na5 20. g4 $14) 19... exf4 (19... d5 $11 20. cxd5 Qxd5) 20. Bxf4 $14 d5 21. cxd5 Qxd5 22. Qh5 {[%emt 0:00:00][%cal Oe4d6] [#] Threatens to win with Nd6!} (22. Rf2 {simplifies} Qd8 23. Raf1 Nce7 24. Bc1) 22... Ne5 (22... Qxd3 $2 23. Rad1 Qc2 24. Rd2 $18) 23. g4 (23. Rf2 {is more complex.} Nxd3 24. Nf6 Qe6 25. Nxe8 Nxf2 26. Nc7) 23... Nxd3 (23... Qxd3 $2 24. gxf5 Bxe4 25. Rad1 $18 (25. f6 Kh7 $11) (25. f6 Kh7 $11)) 24. gxf5 Rxe4 25. Bxh6 {[%emt 0:00:00][%cal Of1f3] Black must now prevent Rf3!} gxh6 (25... Rf7 $1 $14 26. Rf3 (26. Bxe4 Qxe4 27. Bxg7+ Kxg7 $17) 26... gxh6 27. Qxh6+ Rh7 28. Qf6+ (28. Qf8+ Qg8 $16) 28... Rg7 29. Qf8+ (29. Rg3 Qf7 $16) 29... Qg8 30. Rh3+ (30. Qxg8+ $2 Kxg8 31. Rg3 Ree7 $19) 30... Rh7 31. Qxg8+ (31. Rxd3 $2 Qxf8 32. Rad1 Rg4 $19) 31... Kxg8 32. Rxd3 Ree7 33. Bxb7 Rxb7) 26. Qxh6+ $16 Kg8 27. Qg6+ {[%emt 0:00:00][%mdl 1024] White has strong compensation.} Kh8 {[%emt 0:00:03][%cal Of8f7] [#]} 28. Qh6+ {[%emt 0:00:00] Chess con chili.} (28. f6 $6 Qd7 29. Qh6+ (29. Bxe4 $2 Rg8 $19) 29... Kg8 $11) (28. Rad1 $1 $16 Qd7 29. Rf3 (29. Bxe4 Bxe4 $11) 29... Re1+ 30. Rxe1 Bxf3 31. Qh6+ Kg8 32. Re3) 28... Kg8 $11 {[%emt 0:00:03][%cal Oe4g4] ( -> ...Rg4!)} 29. Qg6+ (29. Bxe4 $11 Qxe4 30. Rf3 (30. Qg6+ Kh8 $11) 30... Qxf3 31. Qg6+ Kh8 32. Qh6+ Kg8 33. Qg6+ Kh8 34. Qh6+ Kg8) 29... Kh8 $14 30. f6 ({White should try} 30. Rad1 $1 $14 Qd7 31. Rf3 (31. Bxe4 Bxe4 32. Rxd3 Bxd3 $11) 31... Re1+ 32. Rxe1 Bxf3 33. Qh6+ Kg8 34. Re3) 30... Rf7 $2 31. Rf5 {[%emt 0:00:00] Weighted Error Value: White=0.16 (very precise) /Black=0.15 (very precise) .  Loses game:     	---       	Black=1      Mistake:       	White=3     	Black=2      Inaccurate:     	White=3     	Black=4      OK:         	White=12    	Black=8      Best:        	---       	Black=1} ({Weaker is} 31. Qxe4 Qxe4 32. Bxe4 Bxe4 $17) 1-0

[Event "CIS Master Groups 2024"]
[Site "Vasto"]
[Date "2024.04.11"]
[Round "5.23"]
[White "Godena, Michele"]
[Black "Paltrinieri, Nicholas"]
[Result "1-0"]
[ECO "C03"]
[WhiteElo "2429"]
[BlackElo "2355"]
[Annotator "TA"]
[PlyCount "67"]
[EventDate "2024.04.07"]
[EventType "team-tourn"]
[EventCountry "ITA"]
[SourceTitle "playchess.com"]
[Source "ChessBase"]
[SourceQuality "1"]
[TimeControl "40/5400+30:900+30"]

1. e4 e6 2. d4 d5 3. Nd2 Be7 4. c3 c5 5. Ngf3 Nf6 6. e5 Nfd7 7. Bd3 b6 8. O-O {[%emt 0:02:33] The position is equal.} Ba6 9. Bxa6 Nxa6 10. Ne1 Nab8 11. Qg4 g6 12. Ndf3 Nc6 13. Bh6 b5 (13... Rc8 $14) 14. Nd3 {[%emt 0:05:07] White is more active.} c4 15. Nf4 Bf8 $2 {[%emt 0:00:28] [#] Black cannot hold the game after this.} (15... Qb6 $16 {was necessary.}) 16. Nxe6 $1 $18 fxe6 17. Qxe6+ Ne7 18. Ng5 Qb6 $2 (18... Nc5 19. Qf6 (19. dxc5 Bxh6 20. Qf7+ Kd7 $18) 19... Bxh6 20. Qxh8+ Kd7 21. Qxd8+ (21. Qxh7 Bxg5 22. dxc5 Qg8 $14) 21... Rxd8) 19. Qf7+ Kd8 20. Ne6+ {[%emt 0:00:57] White is clearly winning.} Qxe6 21. Qxe6 Bxh6 22. Qh3 Bg7 23. a4 a5 (23... b4 $142 24. b3 (24. cxb4 Rf8 $18) 24... Rc8) 24. axb5 Nb6 25. f4 Ra7 26. Kh1 h5 27. Qe6 Nbc8 28. b6 Rb7 29. Rxa5 Rxb6 30. Rxd5+ Nxd5 31. Qxd5+ Ke7 32. Qc5+ Kd7 33. d5 {[%emt 0:04:30][%cal Bd4d5,Bd5d6][%mdl 32] [#] Strongly threatening d6.} h4 34. d6 {[%emt 0:01:11] Weighted Error Value: White=0.10 (very precise) /Black=0.75.  Loses game:     	---       	Black=1      Mistake:       	---       	Black=3      Inaccurate:     	---       	Black=2      OK:         	White=10    	Black=5      Best:        	White=2     	Black=2      Brilliant:      	White=1     	---} 1-0

[Event "CIS Master Groups 2024"]
[Site "Vasto"]
[Date "2024.04.11"]
[Round "5.24"]
[White "Maldonado Gonzales, Stefano"]
[Black "Bellia, Fabrizio"]
[Result "1/2-1/2"]
[ECO "B11"]
[WhiteElo "2218"]
[BlackElo "2384"]
[Annotator "TA"]
[PlyCount "66"]
[EventDate "2024.04.07"]
[EventType "team-tourn"]
[EventCountry "ITA"]
[SourceTitle "playchess.com"]
[Source "ChessBase"]
[SourceQuality "1"]
[TimeControl "40/5400+30:900+30"]

1. e4 c6 2. Nf3 d5 3. Nc3 dxe4 4. Nxe4 Nf6 5. Qe2 Bf5 6. Nxf6+ gxf6 7. d4 e6 8. Bf4 {[%emt 0:11:44] White is slightly better.} Bd6 9. Bxd6 Qxd6 10. Nh4 Bg6 11. c3 Nd7 12. g3 f5 (12... O-O-O $11) 13. Nxg6 (13. Bg2 $14) 13... hxg6 $11 14. f4 O-O-O 15. Bg2 g5 16. O-O {[%emt 0:11:21] [#]} (16. fxg5 $11 Rxh2 17. Kf2) 16... gxf4 $1 $17 17. Rxf4 Nf6 18. Bf3 {[%emt 0:02:03] Wards off Ng4} Rh7 19. Rf1 Rdh8 20. Rf2 $1 Nd7 21. Bh1 Nf8 22. R4f3 Ng6 23. b4 Kb8 24. a4 f4 25. gxf4 f5 (25... Rh4 $11 26. Qd2 Rg4+ 27. Bg2 Rgh4) 26. a5 (26. Qe3 $1 $14) 26... Rh4 $11 27. Qe3 a6 28. h3 Kc7 29. Bg2 R8h6 (29... Kb8 $1 $11 {keeps the balance.}) 30. Qd2 ({White should try} 30. c4 $16) 30... Rh8 $14 31. Qe3 Kb8 {[%emt 0:00:52] The position is equal.} 32. Bh1 Qc7 33. Bg2 Qd6 {[%emt 0:00:24] Weighted Error Value: White=0.20 (precise) /Black=0.19 (very precise) .  Mistake:       	White=4     	Black=3      Inaccurate:     	White=2     	Black=1      OK:         	White=8     	Black=7      Best:        	---       	Black=1      Strong:       	White=1     	Black=1} 1/2-1/2

[Event "CIS Master Groups 2024"]
[Site "Vasto"]
[Date "2024.04.11"]
[Round "6.1"]
[White "Predke, Alexandr"]
[Black "Eljanov, Pavel"]
[Result "1-0"]
[ECO "C50"]
[WhiteElo "2673"]
[BlackElo "2706"]
[Annotator "TA"]
[PlyCount "169"]
[EventDate "2024.04.07"]
[EventType "team-tourn"]
[EventCountry "ITA"]
[SourceTitle "playchess.com"]
[Source "ChessBase"]
[SourceQuality "1"]
[TimeControl "40/5400+30:900+30"]

1. e4 e5 2. Nf3 Nc6 3. Bc4 Bc5 4. O-O Nf6 5. d4 Bxd4 6. Nxd4 Nxd4 7. Be3 Nc6 8. f4 exf4 {[%emt 0:02:51] Black is slightly better.} 9. Bxf4 {[%emt 0:00:22] Threatens to win with e5. This pair of bishops is nice.} d6 10. Bb5 Bd7 11. Bg5 Ne5 12. Bxf6 gxf6 13. Bxd7+ Qxd7 14. Nc3 O-O-O 15. Nd5 h5 16. Qd4 Kb8 17. Nxf6 Qc6 18. c3 h4 19. h3 Rh6 20. Rf5 Qb5 (20... Rc8 $11) 21. Rd1 Rc8 (21... Qxb2 $2 22. Qxe5 Qxa2 23. Qd4 $18) 22. b3 Rg6 23. Rd2 {[%emt 0:06:03] Prevents Qe2.} b6 24. c4 Qc6 25. Qf2 (25. Rxe5 $1 $16 Rxf6 (25... dxe5 $2 26. Nd7+ Kb7 27. Nxe5 $18) 26. Re7) 25... Rg3 $14 26. Rd5 $36 {[%emt 0:00:55][%mdl 2048] White has some pressure.} Rh8 27. Nh5 Rg6 28. Qxh4 Rhg8 29. g3 a6 30. Qf4 Kb7 31. Kh2 a5 32. a4 Rh8 33. Nf6 $1 {[%emt 0:01:37] Prevents Qe8.} Rhh6 34. Kg2 $1 Rh8 (34... Ka6 $16 {was necessary.} 35. h4 Rh8) 35. h4 $18 Rgh6 36. h5 {[%emt 0:02:49] Wards off Ng6} (36. Ng4 $18 Nxg4 37. Qxg4) 36... Rxf6 $16 37. Rxf6 Rxh5 38. Rh6 {[%emt 0:04:24] Inhibits Qe8.} (38. Rxf7 $16 {And now Re7 would win.} Qe8 39. Rf8) 38... Ng6 $11 39. Rxg6 (39. Qxf7 Rxh6 40. Qg7 Nh4+ 41. gxh4 Rxh4 $19) 39... fxg6 {[%emt 0:00:06][%mdl 4096] Endgame. KQR-KQR} 40. Qf7 {[%emt 0:00:02][%csl LRg6,LRh5] Repels Rh7} (40. Rxh5 {simplifies} gxh5 41. Qf3 Ka7 42. e5) 40... Rh8 41. Qxg6 Qd7 42. Rh5 {[%emt 0:01:49] Inhibits Qh3+. Active counter play!} Re8 43. Rh4 Qc6 44. Qf7 Re5 {[%emt 0:00:00] Prevents Qd5} (44... Rxe4 45. Rxe4 Qxe4+ 46. Qf3 Qxf3+ 47. Kxf3 $18) 45. Rf4 Kb8 (45... Rxe4 $2 46. Rxe4 Qxe4+ 47. Qf3 $18) 46. Kf3 Qc5 47. Rf5 {[%emt 0:00:12] Strongly threatening Qg8+.} Qg1 (47... Qb4 $11) 48. Qg8+ $16 Ka7 {[%emt 0:00:00] ...Qf1+ is the strong threat.} 49. Rxe5 Qd1+ 50. Kg2 $1 (50. Kf4 dxe5+ 51. Kf5 (51. Kxe5 Qxb3 52. Qf7 Qxg3+ 53. Ke6 Qh3+ 54. Qf5 Qa3 $11) 51... Qxb3 $11) 50... dxe5 $14 {[%emt 0:00:52] KQ-KQ} 51. Qf7 Qe2+ $2 ({Black should try} 51... Kb8 $14) 52. Kh3 $18 Qxe4 53. Qxc7+ Ka6 54. Qc8+ Ka7 55. Qd7+ Kb8 56. Qd8+ $2 (56. Qd6+ $1 $18 Ka7 57. c5 Qh7+ 58. Kg4 Qe4+ 59. Kh5 Qf5+ 60. Kh4 bxc5 61. Qxc5+ Kb8 62. g4 (62. Qxa5 Qh7+ 63. Kg5 Qg7+ 64. Kf5 Qh7+ 65. Ke6 Qg6+ 66. Ke7 Qh7+ 67. Kf6 Qh8+ 68. Kg5 Qg8+ 69. Kf6 Qh8+ 70. Kf7 Qh7+ 71. Ke6 Qg8+ 72. Kf6 Qh8+ $11)) 56... Ka7 $11 57. c5 Qh7+ 58. Kg4 Qg6+ 59. Kf3 Qc6+ 60. Ke3 Qxc5+ 61. Ke4 Qb4+ 62. Kxe5 {[%emt 0:00:06] Hoping for Qd7+.} Qxb3 63. Qd7+ Ka6 64. g4 {[%emt 0:00:15][%cal Od7b5,Bg3g4,Bg4g5,Bg5g6,Bg6g7][%mdl 32] Qb5+! would now be deadly.} Qc3+ 65. Kf5 Qc5+ 66. Kf6 b5 67. axb5+ Qxb5 68. Qe6+ Kb7 69. g5 {[%emt 0:00:16] g6 would kill now.} Qb2+ 70. Kf7 {[%emt 0:01:01] White threatens g6 and mate.} Qf2+ 71. Ke8 {[%emt 0:00:16] Intending g6 and mate.} Qg3 72. g6 {[%emt 0:00:35] Threatening mate with Qf6.} a4 $1 73. Qe7+ Kb6 $2 (73... Ka8 $11) 74. g7 $1 Qg6+ 75. Kd8 $1 Qd3+ {[%emt 0:00:47] [#]} 76. Qd7 $1 Qc4 77. Qd6+ Kb7 {[%emt 0:00:27] [#]} 78. Qe7+ $1 Kb6 79. Qf6+ Ka7 80. Qe7+ Kb6 $1 81. Qe3+ {[%emt 0:00:20] White mates.} Ka6 82. Ke7 Qc7+ 83. Kf6 Qd8+ 84. Qe7 Qd4+ 85. Kf7 {[%emt 0:00:04] Weighted Error Value: White=0.15 (very precise) /Black=0.16 (very precise) .  Loses game:     	---       	Black=2      Missed win:     	White=1     	---        Mistake:       	White=3     	Black=3      Inaccurate:     	White=1     	Black=6      OK:         	White=29    	Black=32     Best:        	White=7     	Black=6      Strong:       	White=4     	Black=1} 1-0

[Event "CIS Master Groups 2024"]
[Site "Vasto"]
[Date "2024.04.11"]
[Round "6.2"]
[White "Sonis, Francesco"]
[Black "Brunello, Sabino"]
[Result "1/2-1/2"]
[ECO "A06"]
[WhiteElo "2562"]
[BlackElo "2515"]
[Annotator "TA"]
[PlyCount "29"]
[EventDate "2024.04.07"]
[EventType "team-tourn"]
[EventCountry "ITA"]
[SourceTitle "playchess.com"]
[Source "ChessBase"]
[SourceQuality "1"]
[TimeControl "40/5400+30:900+30"]

1. Nf3 d5 2. e3 c5 3. b3 e6 4. Bb2 Nc6 5. Bb5 Nge7 6. Ne5 {[%emt 0:04:03] [#] And now Qh5 would win.} Bd7 7. Nxd7 Qxd7 8. d4 {[%emt 0:04:55] The position is equal.} cxd4 9. exd4 Nf5 10. c3 a6 11. Bd3 e5 12. dxe5 Nxe5 13. Be2 O-O-O 14. Nd2 h5 15. Nf3 {[%emt 0:18:25] Repels Nh4. An uneventful encounter.   Weighted Error Value: White=0.09 (flawless) /Black=0.08 (flawless) .  Mistake:       	White=1     	---        Inaccurate:     	White=1     	---        OK:         	White=4     	Black=2} (15. O-O {should be considered.}) 1/2-1/2

[Event "CIS Master Groups 2024"]
[Site "Vasto"]
[Date "2024.04.11"]
[Round "6.3"]
[White "Dvirnyy, Danyyil"]
[Black "Di Paolo, Raffaele"]
[Result "1-0"]
[ECO "B99"]
[WhiteElo "2480"]
[BlackElo "2290"]
[Annotator "TA"]
[PlyCount "65"]
[EventDate "2024.04.07"]
[EventType "team-tourn"]
[EventCountry "ITA"]
[SourceTitle "playchess.com"]
[Source "ChessBase"]
[SourceQuality "1"]
[TimeControl "40/5400+30:900+30"]

1. e4 c5 2. Nf3 d6 3. d4 cxd4 4. Nxd4 Nf6 5. Nc3 a6 6. Bg5 e6 7. f4 Be7 8. Qf3 Qc7 9. O-O-O Nbd7 10. g4 b5 11. Bxf6 Nxf6 12. g5 Nd7 13. f5 Bxg5+ 14. Kb1 Ne5 15. Qh5 Qe7 16. Nxe6 Bxe6 17. fxe6 g6 18. exf7+ Kxf7 19. Qe2 (19. Qh3 $16) 19... Kg7 $14 20. Nd5 Qd8 21. Qe1 Bh4 {[%emt 0:17:39] White has an edge.} 22. Qc3 Ra7 {[%emt 0:10:53] Repels Nc7} 23. Bh3 (23. Nb4 {simplifies} Qc8 24. Qxc8 Rxc8 25. Rxd6 a5 26. Nd5) 23... Rf8 {[%emt 0:03:07] Prevents Nf4} 24. Rhf1 Raf7 {[%emt 0:01:17] Against Nf4} 25. Rxf7+ Rxf7 26. a3 Bf6 (26... Rf3 $11 27. Qc8 Kh6) 27. Nf4 $36 {[%emt 0:03:54][%mdl 2048] [#] Strongly threatening Ne6+. White is more active. White has more active pieces.} Kh8 28. Ne6 ({White should play} 28. Be6 $14 Rc7 29. Qg3) 28... Qb8 (28... Qe8 $5) 29. Rf1 Qb7 30. Qd4 {[%emt 0:02:56][%cal Of1f6] And now Rxf6! would win.} h6 $2 {[%emt 0:04:38][%mdl 8192] [#]} (30... Qb8 $16) 31. Rxf6 $1 $18 Rxf6 32. Qxd6 Nd7 $2 (32... Nc6 33. e5 Rxe6 34. Bxe6 (34. Qxe6 Nd4 $18) 34... Ne7) 33. Qe7 {[%emt 0:22:21] Weighted Error Value: White=0.14 (very precise) /Black=0.39.  Loses game:     	---       	Black=1      Mistake:       	White=1     	Black=2      Inaccurate:     	White=1     	Black=2      OK:         	White=5     	Black=5      Best:        	White=1     	---        Brilliant:      	White=1     	---} 1-0

[Event "CIS Master Groups 2024"]
[Site "Vasto"]
[Date "2024.04.11"]
[Round "6.4"]
[White "Maldonado Gonzales, Stefano"]
[Black "Gilevych, Artem"]
[Result "0-1"]
[ECO "C15"]
[WhiteElo "2218"]
[BlackElo "2417"]
[Annotator "TA"]
[PlyCount "82"]
[EventDate "2024.04.07"]
[EventType "team-tourn"]
[EventCountry "ITA"]
[SourceTitle "playchess.com"]
[Source "ChessBase"]
[SourceQuality "1"]
[TimeControl "40/5400+30:900+30"]

1. e4 e6 2. d4 d5 3. Nc3 Bb4 4. Nge2 Nf6 5. e5 Nfd7 6. a3 Be7 7. f4 c5 8. Be3 Nc6 9. dxc5 Bxc5 {[%emt 0:04:42] The position is equal.} 10. Nd4 Qe7 11. Na4 (11. Qd2 $11) 11... Bxd4 $15 12. Bxd4 {[%emt 0:00:05] [#]} Ndxe5 $1 13. Bb5 Nd7 14. O-O Nxd4 15. Qxd4 O-O 16. f5 exf5 17. Qxd5 ({White should play} 17. Rxf5 $15 Nf6 18. Re5) 17... Nf6 18. Qc5 Qxc5+ 19. Nxc5 b6 20. Bc6 Rb8 21. Nb3 g6 22. Rfe1 Bb7 23. Nd4 Rfc8 24. Bxb7 Rxb7 25. c3 Rd7 26. h3 Ne4 27. g4 Ng5 $36 {[%emt 0:00:54][%mdl 2048] Black has strong initiative.} 28. gxf5 Nxh3+ 29. Kh2 Nf4 30. fxg6 hxg6 31. Rad1 Rcd8 32. Rb1 Kg7 33. Re4 Rh8+ 34. Kg1 Nh3+ 35. Kg2 f5 36. Re3 Ng5 37. Rd1 {[%emt 0:04:27][%cal Od4f5] [#] And now Nxf5+! would win.} Kf6 {[%emt 0:00:59] ...Rdh7 would now be deadly.} 38. Rf1 Rdh7 39. Ne2 Rh2+ {[%emt 0:02:18] Black is clearly winning.} 40. Kg1 Ne4 {[%emt 0:02:08] ( -> ...Rh1+)} 41. Rxe4 (41. Ng3 $142 Nxg3 42. Rxg3) 41... Rh1+ {[%emt 0:15:18] White did not feel at home in the position after the opening.   Weighted Error Value: White=0.39/Black=0.04 (flawless) .  Mistake:       	White=3     	---        Inaccurate:     	White=2     	Black=1      OK:         	White=11    	Black=19     Best:        	White=3     	Black=4      Brilliant:      	---       	Black=1} 0-1

[Event "CIS Master Groups 2024"]
[Site "Vasto"]
[Date "2024.04.11"]
[Round "6.5"]
[White "Jianu, Vlad-Cristian"]
[Black "Fier, Alexandr"]
[Result "1/2-1/2"]
[ECO "E05"]
[WhiteElo "2491"]
[BlackElo "2566"]
[Annotator "TA"]
[PlyCount "25"]
[EventDate "2024.04.07"]
[EventType "team-tourn"]
[EventCountry "ITA"]
[SourceTitle "playchess.com"]
[Source "ChessBase"]
[SourceQuality "1"]
[TimeControl "40/5400+30:900+30"]

1. d4 Nf6 2. Nf3 e6 3. g3 d5 4. Bg2 Be7 5. O-O O-O 6. c4 dxc4 7. Qc2 b5 8. a4 Bb7 (8... b4 {is interesting.} 9. Ne5 Qxd4 10. Nd2 b3) 9. axb5 a6 10. bxa6 (10. Qxc4 $2 {perishes.} axb5 11. Qxb5 Bc6 (11... Rxa1 $2 12. Qxb7 Rxb1 13. Qa8 $19) 12. Rxa8 Bxb5 $19) 10... Nxa6 {[%emt 0:00:08] The position is equal.} 11. Qxc4 Bd5 12. Qc3 c5 13. Be3 {[%emt 0:00:26] Not much happened in this game.   Weighted Error Value: White=0.06 (flawless) /Black=0.05 (flawless) .  OK:         	White=1     	Black=3      Best:        	White=1     	---} 1/2-1/2

[Event "CIS Master Groups 2024"]
[Site "Vasto"]
[Date "2024.04.11"]
[Round "6.6"]
[White "Iermito, Sebastian"]
[Black "Yao, Stefano"]
[Result "1-0"]
[ECO "A07"]
[WhiteElo "2511"]
[BlackElo "2289"]
[Annotator "TA"]
[PlyCount "109"]
[EventDate "2024.04.07"]
[EventType "team-tourn"]
[EventCountry "ITA"]
[SourceTitle "playchess.com"]
[Source "ChessBase"]
[SourceQuality "1"]
[TimeControl "40/5400+30:900+30"]

1. Nf3 Nf6 2. g3 d5 3. Bg2 e6 4. O-O Be7 5. d3 O-O 6. Bf4 c5 7. a4 Nc6 8. e4 {[%emt 0:00:23] The position is equal.} dxe4 9. dxe4 Qxd1 10. Rxd1 Nxe4 11. Ne5 Nxe5 12. Bxe5 Bf6 13. f4 Bxe5 14. fxe5 f5 15. Bxe4 fxe4 16. Nd2 b6 17. Nxe4 Bb7 18. Nd6 Bd5 19. Rd3 a5 20. Rf1 Rxf1+ 21. Kxf1 $11 {[%emt 0:00:01][%mdl 4096] Endgame. KRB-KRN} Kf8 (21... Rf8+ $11 {might be stronger.} 22. Ke1 g5) 22. Rd2 $14 {[%emt 0:05:37] White is more active.} Rd8 (22... Bc6 $142) 23. Rf2+ $16 Kg8 24. Ke2 Bc6 25. b3 Bd5 26. Kd3 Rd7 27. Kc3 Rd8 28. Nc4 Rb8 29. Nd6 Rd8 $1 30. g4 h6 31. h4 Rd7 32. Kd3 Rd8 33. c4 (33. Rf1 $16) 33... Bc6 $11 34. Ke3 Rf8 35. Rf4 Rxf4 36. Kxf4 {[%emt 0:00:02] KB-KN} Kf8 37. Nc8 Ke8 38. g5 (38. Nxb6 $2 Kd8 39. b4 axb4 $19 (39... cxb4 $2 40. Ke3 $19)) 38... hxg5+ 39. Kxg5 Bf3 (39... Kd8 $5 40. Nd6 $8 (40. Nxb6 $2 {is the wrong capture.} Be8 $19) 40... Ke7 $11) 40. Kg6 Kf8 41. Nxb6 Bc6 {[%emt 0:03:18] Dodges Nd7+} 42. Kg5 Ke8 43. Nc8 (43. Kg6 $5 Kf8 $8 44. Kg5 $14) 43... Bf3 44. Nd6+ Kf8 $2 {[%emt 0:00:09][%mdl 8192] [#] This costs Black the game.} (44... Ke7 $11) 45. Kf4 $1 $18 {[%emt 0:01:36] White is clearly winning.} Bd1 (45... Bc6 $142 46. h5 Bg2) 46. Nb7 $1 Bxb3 47. Nxa5 Bxa4 {[%emt 0:00:09] [#]} 48. Ke3 $1 ({Not} 48. Nb7 Bb3 $11) 48... Kf7 49. Nb7 Bb3 50. Kd3 (50. Nxc5 Bxc4 51. Kd4 Ba2 $11) 50... Bd1 51. Nxc5 Bg4 52. Ne4 Bd1 53. Kd4 Kg6 54. Ng3 {[%emt 0:00:13] Hoping for Kc5.} Bf3 55. Kc5 {[%emt 0:00:27] Weighted Error Value: White=0.10 (very precise) /Black=0.25 (precise) .  Loses game:     	---       	Black=1      Mistake:       	White=1     	Black=3      Inaccurate:     	---       	Black=1      OK:         	White=16    	Black=17     Best:        	White=2     	Black=5      Strong:       	White=1     	Black=1} 1-0